 Dungeon Crawl Stone Soup version 0.27.1-3-gb3d3a73c9e (webtiles) character file.

Game seed: 14418784763227478605

74 Descartes the Covert (level 4, -1/23 HPs)
             Began as a Spriggan Delver on Oct 16, 2021.
             Succumbed to an adder's poison
             ... on level 2 of the Dungeon.
             The game lasted 00:02:01 (989 turns).

Descartes the Covert (Spriggan Delver)               Turns: 989, Time: 00:02:02

Health: -1/23      AC:  2    Str:  9    XL:     4   Next: 10%
Magic:  5/5        EV: 18    Int: 11    God:
Gold:   57         SH:  0    Dex: 16    Spells: 3/3 levels left

rFire    . . .     SeeInvis +   a - +0 short sword
rCold    . . .     Faith    .   (shield restricted)
rNeg     . . .     Spirit   .   b - +0 robe
rPois    .         Reflect  .   (helmet restricted)
rElec    .         Harm     .   (no cloak)
rCorr    .         Rampage  .   (gloves unavailable)
Will     .....                  (boots unavailable)
Stlth    ++++......             (no amulet)
HPRegen  0.07/turn              (no ring)
MPRegen  0.09/turn              (no ring)

@: lethally poisoned (-1 -> -16), very quick
A: very small, no large weapons, unfitting armour, see invisible, speed 3
a: no special abilities


You were on level 2 of the Dungeon.
You visited 1 branch of the dungeon, and saw 4 of its levels.

You collected 57 gold pieces.

Inventory:

Hand Weapons
 a - a +0 short sword (weapon)
Missiles
 l - 17 bolts
Armour
 b - a +0 robe (worn)
Wands
 g - a wand of digging (3)
Scrolls
 c - a scroll of fog
 d - 2 scrolls of magic mapping
 e - a scroll of fear
 i - a scroll of identify {unknown}
 j - a scroll of holy word {unknown}
 k - a scroll of noise {unknown}
Potions
 f - a potion of haste
 h - 2 potions of curing {unknown}


   Skills:
 + Level 2.7 Fighting
 * Level 3.3 Short Blades
 + Level 3.3 Dodging
 * Level 8.1 Stealth


You had 3 spell levels left.
You didn't know any spells.
Your spell library contained the following spells:

 Spells                   Type           Power      Damage    Failure   Level
 Corpse Rot               Necr/Air       N/A        N/A       47%         2
 Dispel Undead            Necr           0%         3d6       98%         4
 Death Channel            Necr           0%         N/A       100%        6


Dungeon Overview and Level Annotations

Branches:
Dungeon (5/15)
 Temple: D:4-7

Altars:
Cheibriados
Qazlal
Vehumet

Annotations:
D:3 Robin


Innate Abilities, Weirdness & Mutations

You are very small and have problems with some larger weapons.
You are too small for most types of armour.
You have supernaturally acute eyesight. (SInv)
You cover ground extremely quickly. (Speed+++)


Message History

You are poisoned.
The adder poisons you!
You closely miss the adder.
The adder is moderately wounded.
You feel sick. The adder completely misses you.
You completely miss the adder.
The adder is moderately wounded.
You feel sick. The adder closely misses you.
You closely miss the adder.
The adder is moderately wounded.
You feel sick. The adder closely misses you. The adder barely misses you.
You closely miss the adder.
The adder is moderately wounded.
You feel sick. The adder bites you.
You are too injured to fight recklessly!
You are too injured to fight recklessly!
You are too injured to fight recklessly!
You are too injured to fight recklessly!
You are too injured to fight recklessly!
You are too injured to fight recklessly!
You are too injured to fight recklessly!
You are too injured to fight recklessly!
You are too injured to fight recklessly!
You are too injured to fight recklessly!
You are too injured to fight recklessly!
You are too injured to fight recklessly!
You are too injured to fight recklessly!
Unknown command.
You closely miss the adder.
The adder is moderately wounded.
You feel sick. The adder bites you.
* * * LOW HITPOINT WARNING * * *
You are lethally poisoned!
The adder poisons you!
* * * LOW HITPOINT WARNING * * *
You feel sick. The adder bites you.
* * * LOW HITPOINT WARNING * * *
You are more poisoned.
The adder poisons you!
You die...

#.##....#
#.......#
#######.# #.#
#.# #.###
#...########
#....†......
##..@########
##...##
#....S#
..........#
...###...##
### #..##
#.## #+


There were no monsters in sight!

Vanquished Creatures
  A hound (D:3)
  2 adders
  A worm (D:2)
  2 endoplasms
  4 giant cockroaches
  4 goblins
  2 hobgoblins (D:3)
  A jackal (D:2)
  A quokka (D:3)
  2 ball pythons
  A frilled lizard (D:2)
  A kobold (D:3)
  2 rats
24 creatures vanquished.

Notes
Turn   | Place    | Note
-------+----------+-------------------------------------------
     0 | D:5      | Descartes the Spriggan Delver began the quest for the Orb.
     0 | D:5      | Reached XP level 1. HP: 11/11 MP: 2/2
    33 | D:3      | Reached XP level 2. HP: 16/16 MP: 3/3
    45 | D:3      | Found a snail-covered altar of Cheibriados.
   303 | D:3      | Reached XP level 3. HP: 19/19 MP: 4/4
   599 | D:3      | Found a stormy altar of Qazlal.
   600 | D:3      | Found a radiant altar of Vehumet.
   647 | D:3      | Noticed Robin
   649 | D:3      | Reached skill level 8 in Stealth
   803 | D:2      | Reached XP level 4. HP: 23/23 MP: 5/5
   988 | D:2      | HP: 1/23 [adder (4)]
   989 | D:2      | Succumbed to an adder's poison

Illustrated notes

Levels and vault maps discovered:
D:2:      minmay_chambers_of_ones, layout_loops_corners
D:3:      layout_basic, mainiacjoe_overflow_tiny_flanked, minitemple,
          minivault_23, nrook_campfire, st_stairs_3, minmay_misc_feat_encased,
          minmay_misc_feat_four_crosses, uniq_robin, uniq_sigmund
D:4:      layout_basic, grunt_ministairs_5, uniq_menkaure
D:5:      layout_cave_pools, nicolae_gozag_seed_capital,
          minmay_temple_entry_trees

Skill      XL: |  1  2  3 |
---------------+----------+-----
Dodging        | 3 |  3.3
Short Blades   | 3 |  3.3
Stealth        | 8 |  8.1
Fighting       | |  2.7

Action                   |  1- 3 |  4- 6 || total
-------------------------+-------+-------++-------
Melee: Short sword       |    39 |    23 ||    62
 Stab: Sleeping          |    13 |     5 ||    18
Armor: Robe              |     2 |       ||     2
Dodge: Dodged            |    28 |    17 ||    45
